 Dungeon Crawl Stone Soup version 0.31-a0-836-g3ceb0a68c4 (webtiles) character file.

Game seed: 7118736039584739891

6726 Bartus99 the Grappler (level 11, -16/124 HPs)
             Began as a Gnoll Shapeshifter on Sept 27, 2023.
             Was a Follower of the Shining One.
             Demolished by a large abomination (23 damage)
             ... on level 2 of the Abyss.
             The game lasted 01:00:47 (8447 turns).

Bartus99 the Grappler (Gnoll Shapeshifter)          Turns: 8447, Time: 01:00:47

Health: -16/124    AC: 29    Str: 21 (22) XL:     11   Next: 4%
Magic:  20/20      EV:  2    Int: 10      God:    the Shining One [*.....]
Gold:   564        SH:  0    Dex: 13      Spells: 22/22 levels left

rFire   . .          .
                       - Unarmed
rCold   . . .        B - orb {*channel}
rNeg    . . .        q - melded +3 leather armour {rC+}
rPois   +            (helmet currently unavailable)
rElec   .            (cloak currently unavailable)
rCorr   .            (gloves currently unavailable)
SInv    .            (boots currently unavailable)
Will    .....        h - amulet of regeneration
Stlth   ++           l - +6 ring of strength
HPRegen 2.00/turn    i - +4 ring of protection
MPRegen 0.17/turn

%: channel magic (20%)
@: tree-form, glowing
A: stationary, stasis, torment immunity, boosted hp, (fangs 1), strong nose,
distributed training, (talons 1), (iridescent scales 1), regeneration 1,
[deterioration 2], [inability to drink after injury 2]
a: Renounce Religion, Divine Shield


You were on level 2 of the Abyss.
You worshipped the Shining One.
The Shining One was aware of your devotion.
You were a tree.
You visited 1 branch of the dungeon, and saw 10 of its levels.
You visited the Abyss 1 time.

You collected 564 gold pieces.

Inventory:

Hand Weapons
 C - a +2 vampiric trident
Armour
 a - a +0 animal skin
 g - a +0 pair of gloves
 q - a +3 leather armour of cold resistance (melded)
 t - a +0 cloak
 B - an orb of energy (worn)
 N - a +0 troll leather armour
Jewellery
 h - an amulet of regeneration (around neck)
 i - a +4 ring of protection (right branch)
 l - a +6 ring of strength (left branch)
 A - an amulet of guardian spirit
 G - a ring of willpower
 H - an amulet of faith
 M - a ring of poison resistance
 O - a +4 ring of slaying
Talismans
 c - a beast talisman
 d - a flux talisman
 s - a serpent talisman
 L - a maw talisman
Wands
 m - a wand of charming (3)
 y - a wand of flame (31)
 P - a wand of mindburst (8)
Scrolls
 e - a scroll of noise
 p - 2 scrolls of enchant weapon
 r - a scroll of immolation {unknown}
 v - 3 scrolls of fear {unknown}
 z - a scroll of summoning {unknown}
 J - a scroll of silence
 K - a scroll of identify
Potions
 b - 4 potions of lignification
 f - a potion of mutation
 j - 3 potions of heal wounds
 k - a potion of enlightenment
 o - a potion of might {unknown}
 u - 2 potions of cancellation {unknown}
 w - a potion of resistance {unknown}
 x - 2 potions of magic {unknown}
 D - a potion of degeneration {unknown}
 F - a potion of haste
 I - a potion of berserk rage {unknown}


   Skills:
 + Level 6.5 Fighting
 + Level 6.0 Short Blades
 + Level 6.0 Long Blades
 + Level 6.0 Axes
 + Level 6.0 Maces & Flails
 + Level 6.0 Polearms
 + Level 6.0 Staves
 + Level 6.0 Ranged Weapons
 + Level 6.0 Throwing
 + Level 6.0 Armour
 + Level 7.6 Dodging
 + Level 6.0 Stealth
 + Level 6.0 Shields
 + Level 9.0 Unarmed Combat
 + Level 6.0 Spellcasting
 + Level 4.9 Conjurations
 + Level 4.9 Hexes
 + Level 4.9 Summonings
 + Level 4.9 Necromancy
 + Level 4.9 Translocations
 + Level 4.9 Transmutations
 + Level 4.9 Fire Magic
 + Level 4.9 Ice Magic
 + Level 4.9 Air Magic
 + Level 4.9 Earth Magic
 + Level 4.9 Poison Magic
 + Level 6.5 Invocations
 + Level 6.0 Evocations
 + Level 8.6 Shapeshifting


You had 22 spell levels left.
You didn't know any spells.
Your spell library contained the following spells:

 Spells                   Type           Power      Damage    Failure   Level
 Blink                    Tloc           24%        N/A       13%         2
 Lesser Beckoning         Tloc           24%        N/A       13%         2
 Momentum Strike          Conj/Tloc      24%        3d8       13%         2
 Dazzling Flash           Conj/Hex       24%        N/A       22%         3
 Inner Flame              Hex/Fire       12%        N/A       22%         3
 Flame Wave               Conj/Fire      12%        2d6       47%         4
 Manifold Assault         Tloc           12%        N/A       47%         4
 Sticky Flame             Conj/Fire      12%        2d4       47%         4
 Arcjolt                  Conj/Air       6%         1d16      78%         5
 Yara's Violent Unravell  Hex/Tmut       6%         3d5       78%         5
 Enfeeble                 Hex            6%         N/A       100%        7
 Lehudib's Crystal Spear  Conj/Erth      6%         10d3      100%        8


Dungeon Overview and Level Annotations

Branches:
Dungeon (10/15)            Temple (0/1) D:4
   Lair: D:8-11         Orc: D:9-12

Altars:
Ashenzari
Cheibriados
Gozag
Hepliaklqana
Kikubaaqudgha
Makhleb
Nemelex Xobeh
The Shining One

Shops:
D:1 (   D:9 :(

Annotations:
D:6 Menkaure
D:10 Erolcha


Innate Abilities, Weirdness & Mutations

You are a tree.
Your roots penetrate the ground, keeping you stationary.
You cannot be teleported.
You are immune to unholy pain and torment.
Your maximum health is greatly increased.
Your equipment is partially melded.
((You have very sharp teeth.))
Your uncanny sense of smell can sniff out nearby items.
Your experience applies equally to all skills.
((You have sharp toenails.))
((You are partially covered in iridescent scales. (AC +2)))
Your natural rate of healing is unusually fast.
[Your body often deteriorates upon taking damage.]
[You sometimes lose the ability to drink potions when taking damage.]


Message History

You block the large abomination's attack.
Your transformation has ended.
Your orb of energy unmelds from your body.
You turn into a tree.
Your +3 leather armour of cold resistance melds into your body.
You feel less resistant to cold.
Your roots penetrate the ground.
The large abomination completely misses you.
The neqoxec hits you but does no damage.
The large abomination hits you!!
You hit the large abomination.
The large abomination is moderately damaged.
You block the neqoxec's attack.
You hit the large abomination but do no damage.
The large abomination is moderately damaged.
You block the large abomination's attack.
The neqoxec hits you but does no damage.
You barely miss the large abomination.
The large abomination is moderately damaged.
The large abomination hits you but does no damage.
The neqoxec hits you but does no damage.
You barely miss the large abomination.
The large abomination is moderately damaged.
Your divine shield fades away.
The large abomination stops glowing.
The wretched star glows turbulently.
The lance of force hits you!!
* * * LOW HITPOINT WARNING * * *
The large abomination barely misses you.
The neqoxec hits you but does no damage.
You barely miss the large abomination.
The large abomination is moderately damaged.
The large abomination hits you but does no damage.
The wretched star glows turbulently.
The lance of force hits you!!
* * * LOW HITPOINT WARNING * * *
Your body deteriorates!
You feel weakened.
You hit the wretched star but do no damage.
The neqoxec hits you but does no damage.
The large abomination hits you!!
You die...

# #. X #####
...#..#
###...#
####.X..# #
..#♣*.#
.#....#3#...#
.#.##.##..###
# #.### ###..
# #..# ##
.#.# ## ...##
## . # .. . #
..#.. ## #..
#. .. #


You could see a wretched star, a large abomination and a neqoxec.

Vanquished Creatures
  A boulder beetle (D:7)
  A two-headed ogre (D:9)
  A glowing orange brain (Abyss:2)
  Pikel (D:8)
  Jeremiah (D:6)
  2 trolls (D:9)
  A hornet (D:10)
  Grinder (D:5)
  Sigmund (D:6)
  A wyvern (D:9)
  5 yaks (D:10)
  A water moccasin (D:5)
  A black bear (D:5)
  2 orc warriors (D:10)
  An ice beast (D:5)
  An ogre (D:5)
  A centaur (D:7)
  A phantom (D:7)
  2 kobold brigands
  2 bullfrogs
  4 scorpions
  5 wights (D:8)
  6 howler monkeys
  4 hounds
  A jelly (D:7)
  4 orc priests
  Crazy Yiuf (D:5)
  A gnoll bouda (D:10)
  A sleepcap (D:6)
  Ijyb (D:3)
  Natasha (D:3)
  4 iguanas
  4 orc wizards
  3 gnolls (D:10)
  6 adders
  A white imp (D:7)
  2 ufetubi
  2 worms
  A dart slug (D:5)
  43 orcs
  7 ball pythons
  5 endoplasms
  6 giant cockroaches
  8 goblins
  8 hobgoblins
  A jackal (D:4)
  18 kobolds
  9 bats
  3 frilled lizards
  4 rats
192 creatures vanquished.

Notes
Turn   | Place    | Note
-------+----------+-------------------------------------------
     0 | D:1      | Bartus99 the Gnoll Shapeshifter began the quest for the
                  | Orb.
     0 | D:1      | Reached XP level 1. HP: 17/17 MP: 1/1
   107 | D:1      | Reached XP level 2. HP: 23/23 MP: 2/2
   146 | D:1      | Found Ipomees's Weapon Shoppe.
  1030 | D:2      | Reached XP level 3. HP: 27/28 MP: 2/4
  1051 | D:2      | Identified a scroll of acquirement
  1051 | D:2      | Acquired the ring "Hemeenig" {rPois Str+3}
  1104 | D:2      | Reached skill level 1 in Invocations
  1498 | D:2      | Reached skill level 1 in Short Blades
  1498 | D:2      | Reached skill level 1 in Long Blades
  1498 | D:2      | Reached skill level 1 in Axes
  1498 | D:2      | Reached skill level 1 in Maces & Flails
  1498 | D:2      | Reached skill level 1 in Polearms
  1498 | D:2      | Reached skill level 1 in Staves
  1498 | D:2      | Reached skill level 1 in Ranged Weapons
  1498 | D:2      | Reached skill level 1 in Throwing
  1498 | D:2      | Reached skill level 1 in Armour
  1498 | D:2      | Reached skill level 1 in Stealth
  1498 | D:2      | Reached skill level 1 in Shields
  1498 | D:2      | Reached skill level 1 in Spellcasting
  1498 | D:2      | Reached skill level 1 in Evocations
  1645 | D:3      | Reached XP level 4. HP: 34/34 MP: 5/5
  1671 | D:3      | Gained mutation: A frigid envelope surrounds you and
                  | freezes all who hurt you. [potion of mutation]
  1671 | D:3      | Gained mutation: You have a pair of small horns on your
                  | head. [potion of mutation]
  1687 | D:3      | Noticed Natasha
  1694 | D:3      | Killed Natasha
  1695 | D:3      | Reached skill level 1 in Conjurations
  1695 | D:3      | Reached skill level 1 in Hexes
  1695 | D:3      | Reached skill level 1 in Summonings
  1695 | D:3      | Reached skill level 1 in Necromancy
  1695 | D:3      | Reached skill level 1 in Translocations
  1695 | D:3      | Reached skill level 1 in Transmutations
  1695 | D:3      | Reached skill level 1 in Fire Magic
  1695 | D:3      | Reached skill level 1 in Ice Magic
  1695 | D:3      | Reached skill level 1 in Air Magic
  1695 | D:3      | Reached skill level 1 in Earth Magic
  1695 | D:3      | Reached skill level 1 in Poison Magic
  1941 | D:3      | Noticed Ijyb
  1954 | D:3      | Killed Ijyb
  2017 | D:3      | Found a faded altar of an unknown god.
  2044 | D:3      | Reached XP level 5. HP: 40/40 MP: 5/7
  2313 | D:4      | Found a staircase to the Ecumenical Temple.
  2395 | D:4      | Lost mutation: A frigid envelope surrounds you and freezes
                  | all who hurt you. [potion of mutation]
  2395 | D:4      | Lost mutation: You have a pair of small horns on your head.
                  | [potion of mutation]
  2395 | D:4      | Gained mutation: Your muscles are strong. (Str +4, Int/Dex
                  | -1) [potion of mutation]
  2395 | D:4      | Gained mutation: You are vulnerable to heat. (rF-) [potion
                  | of mutation]
  2395 | D:4      | Gained mutation: Your system is resistant to poisons.
                  | (rPois) [potion of mutation]
  2427 | D:4      | Found an ancient bone altar of Kikubaaqudgha.
  2443 | D:4      | HP: 2/41 [iguana (11)]
  2549 | D:4      | Reached XP level 6. HP: 47/47 MP: 8/8
  2884 | D:4      | Lost mutation: Your system is resistant to poisons. (rPois)
                  | [potion of mutation]
  2884 | D:4      | Lost mutation: You are vulnerable to heat. (rF-) [potion of
                  | mutation]
  2884 | D:4      | Lost mutation: Your muscles are strong. (Str +4, Int/Dex
                  | -1) [potion of mutation]
  2884 | D:4      | Gained mutation: Your natural rate of healing is unusually
                  | fast. [potion of mutation]
  2884 | D:4      | Gained mutation: You have hidden genetic potential. [potion
                  | of mutation]
  3245 | D:5      | Entered Level 5 of the Dungeon
  3245 | D:5      | Noticed a water moccasin
  3257 | D:5      | Killed a water moccasin
  3258 | D:5      | Reached skill level 5 in Dodging
  3314 | D:5      | Reached XP level 7. HP: 52/52 MP: 10/10
  3488 | D:5      | Reached skill level 7 in Unarmed Combat
  3544 | D:5      | Gained mutation: You have sharp toenails. [hidden
                  | potential]
  3564 | D:5      | Found a snail-covered altar of Cheibriados.
  3582 | D:5      | Found a burning altar of Makhleb.
  3606 | D:5      | Noticed Grinder
  3614 | D:5      | Paralysed by Grinder for 3 turns
  3623 | D:5      | Killed Grinder
  3802 | D:5      | Reached XP level 8. HP: 57/60 MP: 12/12
  4614 | D:5      | Found a runed translucent door.
  4615 | D:5      | Noticed Crazy Yiuf
  4624 | D:5      | Killed Crazy Yiuf
  4694 | D:6      | Noticed Jeremiah
  4729 | D:6      | Killed Jeremiah
  4861 | D:6      | Noticed Sigmund
  4870 | D:6      | Killed Sigmund
  5073 | D:6      | Noticed Menkaure
  5218 | D:7      | Found a glowing golden altar of the Shining One.
  5226 | D:7      | Became a worshipper of the Shining One
  5266 | D:7      | Reached XP level 9. HP: 60/66 MP: 14/14
  5416 | D:7      | Gained mutation: You are partially covered in iridescent
                  | scales. (AC +2) [hidden potential]
  5416 | D:7      | Lost mutation: You have hidden genetic potential. [hidden
                  | potential expressed]
  5650 | D:7      | Noticed a boulder beetle
  5687 | D:7      | Killed a boulder beetle
  5688 | D:7      | Reached skill level 5 in Fighting
  5688 | D:7      | Reached skill level 8 in Unarmed Combat
  5692 | D:7      | Reached skill level 5 in Invocations
  5742 | D:7      | Found a broken altar of Ashenzari.
  5744 | D:7      | Found an opulent altar of Gozag.
  6220 | D:8      | Found a hazy altar of Hepliaklqana.
  6752 | D:8      | Found a sparkling altar of Nemelex Xobeh.
  7006 | D:8      | Reached * piety under the Shining One
  7007 | D:8      | Reached XP level 10. HP: 73/74 MP: 17/17
  7122 | D:8      | Noticed Pikel
  7127 | D:8      | Killed Pikel
  7128 | D:8      | Reached skill level 5 in Short Blades
  7128 | D:8      | Reached skill level 5 in Long Blades
  7128 | D:8      | Reached skill level 5 in Axes
  7128 | D:8      | Reached skill level 5 in Maces & Flails
  7128 | D:8      | Reached skill level 5 in Polearms
  7128 | D:8      | Reached skill level 5 in Staves
  7128 | D:8      | Reached skill level 5 in Ranged Weapons
  7128 | D:8      | Reached skill level 5 in Throwing
  7128 | D:8      | Reached skill level 5 in Armour
  7128 | D:8      | Reached skill level 5 in Stealth
  7128 | D:8      | Reached skill level 5 in Shields
  7128 | D:8      | Reached skill level 5 in Spellcasting
  7128 | D:8      | Reached skill level 5 in Evocations
  7305 | D:9      | Noticed a two-headed ogre
  7315 | D:9      | Killed a two-headed ogre
  7575 | D:9      | Found Qunic's Self-Improvement Boutique.
  7602 | D:9      | Got a curious book
  7625 | D:9      | Found Lel Nuv's Antique Weapon Emporium.
  8044 | D:10     | Entered Level 10 of the Dungeon
  8294 | D:10     | Paralysed by a hornet for 3 turns
  8303 | D:10     | Noticed Erolcha
  8309 | Abyss:1  | Cast into level 1 of the Abyss (Erolcha)
  8395 | Abyss:2  | Noticed a glowing orange brain
  8402 | Abyss:2  | Killed a glowing orange brain
  8403 | Abyss:2  | Reached skill level 9 in Unarmed Combat
  8403 | Abyss:2  | Reached XP level 11. HP: 70/83 MP: 15/20
  8430 | Abyss:2  | Noticed a wretched star
  8434 | Abyss:2  | Noticed a large abomination
  8446 | Abyss:2  | HP: 6/124 [wretched star/lance of force (19)]
  8447 | Abyss:2  | Demolished by a large abomination

Illustrated notes

Levels and vault maps discovered:
D:1:      eino_arrival_water_cross, layout_loops_ring, serial_rivers,
          chequers_serial_rivers_large_b, chequers_serial_rivers_small_b,
          chequers_serial_rivers_micro_a, chequers_serial_rivers_micro_d,
          chequers_serial_rivers_small_3, serial_shops, shop
D:2:      layout_basic, kennysheep_doodads
D:3:      layout_basic, dreamdust_ecumenical_altar_statues, uniq_natasha,
          uniq_ijyb
D:4:      layout_layer_cave, temple_fountains, minmay_ruined_shrine
D:5:      layout_layer_cave, mainiacjoe_overflow_small_starburst,
          kennysheep_slug_shrine, uniq_grinder, uniq_crazy_yiuf_cottage
D:6:      layout_gridville, uniq_jeremiah, uniq_menkaure, uniq_sigmund
D:7:      old_forge, layout_basic, nicolae_tso_swordbearing_angel,
          nicolae_overflow_hidden_temple, minmay_misc_feat_cross
D:8:      layout_loops_ring, nemelex_spade_bored_becter,
          mainiacjoe_overflow_surrounded_room, serial_aquarium,
          aquarium_bridge_square [aquarium_subvault_bridge,
          aquarium_subvault_wall, aquarium_subvault_bridge,
          aquarium_subvault_window], aquarium_window_corner, aquarium_window_1,
          aquarium_window_1, aquarium_window_fake, aquarium_view_2e, uniq_pikel
D:9:      layout_long_grid, serial_shops, shop, nicolae_shop_self_help
D:10:     layout_rooms, special_room [special_room_orc], uniq_erolcha, uniq_urug
Abyss:2:  base:
D:4

Skill      XL: |  1  2  3  4  5  6  7  8  9 10 |
---------------+-------------------------------+-----
Invocations    | 1 2 3 4 5 6 |  6.5
Short Blades   | 1 2 3 4 6 |  6.0
Long Blades    | 1 2 3 4 6 |  6.0
Axes           | 1 2 3 4 6 |  6.0
Maces & Flails | 1 2 3 4 6 |  6.0
Polearms       | 1 2 3 4 6 |  6.0
Staves         | 1 2 3 4 6 |  6.0
Ranged Weapons | 1 2 3 4 6 |  6.0
Throwing       | 1 2 3 4 6 |  6.0
Armour         | 1 2 3 4 6 |  6.0
Stealth        | 1 2 3 4 6 |  6.0
Shields        | 1 2 3 4 6 |  6.0
Spellcasting   | 1 2 3 4 6 |  6.0
Evocations     | 1 2 3 4 6 |  6.0
Conjurations   | 1 2 3 4 |  4.9
Hexes          | 1 2 3 4 |  4.9
Summonings     | 1 2 3 4 |  4.9
Necromancy     | 1 2 3 4 |  4.9
Translocations | 1 2 3 4 |  4.9
Transmutations | 1 2 3 4 |  4.9
Fire Magic     | 1 2 3 4 |  4.9
Ice Magic      | 1 2 3 4 |  4.9
Air Magic      | 1 2 3 4 |  4.9
Earth Magic    | 1 2 3 4 |  4.9
Poison Magic   | 1 2 3 4 |  4.9
Fighting       | 3 4 5 6 |  6.5
Dodging        | 5 6 7 |  7.6
Unarmed Combat | 7 8 9 |  9.0
Shapeshifting  | 7 8 |  8.6

Action                     |  1- 3 |  4- 6 |  7- 9 | 10-12 || total
---------------------------+-------+-------+-------+-------++-------
  Melee: Unarmed           |    60 |   100 |   254 |   137 ||   551
         Punch             |     2 |     3 |     8 |       ||    13
         Bite              |     1 |     6 |    30 |    18 ||    55
         Headbutt          |       |     5 |       |       ||     5
         Kick              |       |       |    99 |    50 ||   149
 Invoke: Divine Shield     |       |       |       |     4 ||     4
  Evoke: Wand              |       |       |    10 |       ||    10
    Use: Scroll            |     4 |     5 |     5 |     2 ||    16
         Potion            |       |     4 |     1 |     3 ||     8
 Armour: Animal skin       |    29 |     6 |       |       ||    35
         Leather armour    |       |   144 |   182 |    81 ||   407
         Skin              |       |       |       |    11 ||    11
  Dodge: Dodged            |    51 |   172 |   210 |    91 ||   524
  Block: Other             |       |       |       |    10 ||    10
         Orb               |       |       |       |     2 ||     2
   Form: Flux              |       |       |     1 |       ||     1

Table legend: (Time is in decaauts)
 A = Elapsed time spent in this place.
 B = Non-inter-level travel time spent in this place.
 C = Inter-level travel time spent in this place.
 D = Time resting spent in this place.
 E = Time spent auto-exploring this place.
 F = Levels seen in this place.
 G = Mean time per level.
                   A        B        C        D        E       F      G
               +--------+--------+--------+--------+--------+-----+--------+
         Total |   8393 |   8043 |    350 |    100 |   3411 |  12 |  699.4 |
       Dungeon |   8257 |   7907 |    350 |    100 |   3357 |  10 |  825.7 |
         Abyss |    135 |    135 |      0 |      0 |     54 |   2 |   67.5 |
               +--------+--------+--------+--------+--------+-----+--------+

Top non-repeatable levels by time:
     D:5: 1450 daAuts
     D:8: 1229 daAuts
     D:4: 996 daAuts
     D:1: 947 daAuts
     D:7: 861 daAuts
     D:9: 748 daAuts
     D:2: 683 daAuts
     D:3: 618 daAuts
     D:6: 472 daAuts
    D:10: 249 daAuts
 Abyss:2: 104 daAuts
 Abyss:1: 30 daAuts
